 Dungeon Crawl Stone Soup version 0.27.1-1-g398f81649c (webtiles) character file.

Game seed: 982524048390440264

3259 ZARRMARR the Covert (level 10, -1/72 HPs)
             Began as an Octopode Transmuter on Sept 7, 2021.
             Was a Follower of Ashenzari.
             Slain by a yak (16 damage)
             ... on level 9 of the Dungeon.
             The game lasted 00:53:11 (9433 turns).

ZARRMARR the Covert (Octopode Transmuter)           Turns: 9433, Time: 00:53:12

Health: -1/72      AC:  1    Str:  9    XL:     10   Next: 0%
Magic:  18/18      EV: 16    Int: 19    God:    Ashenzari [*.....]
Gold:   88         SH:  0    Dex: 13    Spells: 18/19 levels left

rFire    . . .     SeeInvis +     - Unarmed
rCold    . . .     Faith    .   (no shield)
rNeg     . . .     Spirit   .   (helmet currently unavailable)
rPois    .         Reflect  .   j - amulet "Lashed Together" {Regen+, Alch, Self} (curse)
rElec    .         Harm     .   a - ring of Ashenzari's Moon {SInv, Cun, Range} (curse)
rCorr    .         Rampage  .   d - ring "Perceptive Heresy" {Wiz, Self, Range} (curse)
Will     .....                  (no ring)
Stlth    +++.......             (no ring)
HPRegen  1.22/turn              (no ring)
MPRegen  0.16/turn              (no ring)
                                (no ring)
                                (no ring)

@: confused, mighty, lethally poisoned (-1 -> -4), appendages, ambrosia-drunk
A: tentacle spike 3, almost no armour, amphibious, 8 rings, camouflage 1,
gelatinous body 1, (nimble swimmer 1), tentacles
a: End Transformation, Renounce Religion, Shatter the Chains


You were on level 9 of the Dungeon.
You worshipped Ashenzari.
Ashenzari was aware of your devotion.
One of your tentacles had grown a beastly spike.
You visited 2 branches of the dungeon, and saw 10 of its levels.
You also visited: Sewer.

You collected 443 gold pieces.
You spent 355 gold pieces at shops.

Inventory:

Missiles
 f - 6 javelins
 m - a throwing net
 r - a curare-tipped dart
 t - 29 poisoned darts (quivered)
Jewellery
 a - the cursed ring of Ashenzari's Moon (left tentacle) {SInv, Cun, Range}
   (You found it on level 1 of the Dungeon)

   [ring of see invisible]

   SInv:      It lets you see invisible.
   It has a curse which improves the following skills: Cunning: Dodging and
   Stealth.
   Ranged Combat: Slings, Bows, Crossbows and Throwing.
 d - the cursed ring "Perceptive Heresy" (right tentacle) {Wiz, Self, Range}
   (You took it off an orc on level 6 of the Dungeon)

   [ring of wizardry]

   It improves your spell success rate.
   It has a curse which improves the following skills: Introspection: Fighting
   and Spellcasting.
   Ranged Combat: Slings, Bows, Crossbows and Throwing.
 j - the cursed amulet "Lashed Together" (around mantle) {Regen+, Alch, Self}
   (You found it on level 3 of the Dungeon)

   [amulet of regeneration]

   Regen:     It increases your rate of health regeneration.
   It has a curse which improves the following skills: Alchemy: Poison Magic and
   Transmutations.
   Introspection: Fighting and Spellcasting.
Wands
 h - a wand of flame (15)
Scrolls
 e - a scroll of amnesia
 g - a scroll of vulnerability
 p - 2 scrolls of teleportation
 q - a scroll of enchant armour
Potions
 b - 3 potions of haste
 c - 5 potions of curing
 i - a potion of berserk rage
 k - 5 potions of attraction
 n - 5 potions of flight
 s - 2 potions of brilliance


   Skills:
 + Level 6.3(8.0) Fighting
 + Level 2.6(4.0) Throwing
 + Level 6.7(7.7) Dodging
 + Level 8.8(9.8) Stealth
 + Level 7.0 Unarmed Combat
 + Level 3.9(5.4) Spellcasting
 + Level 2.7(3.6) Transmutations


You had 18 spell levels left.
You knew the following spells:

 Your Spells              Type           Power      Damage    Failure   Level
a - Beastly Appendage     Tmut           38%        N/A       1%          1

Your spell library contained the following spells:

 Spells                   Type           Power      Damage    Failure   Level
 Wereblood                Tmut           19%        N/A       1%          2
 Freeze                   Ice            20%        1d4       4%          1
 Spider Form              Tmut/Pois      6%         N/A       7%          3
 Frozen Ramparts          Ice            10%        1d3       14%         3
 Gell's Gravitas          Tloc           2%         N/A       14%         3
 Teleport Other           Tloc           5%         N/A       14%         3
 Ice Form                 Ice/Tmut       12%        N/A       22%         4
 Hailstorm                Conj/Ice       5%         3d4       41%         4
 Dispersal                Tloc           2%         N/A       99%         6


Dungeon Overview and Level Annotations

Branches:
Dungeon (9/15)             Temple (1/1) D:5           Sewer (visited)
   Lair: D:8-11         Orc: D:9-12

Altars:
Ashenzari
Cheibriados
Elyvilon
Fedhas
Gozag
Hepliaklqana
Kikubaaqudgha
Makhleb
Okawaru
Ru
Trog
Uskayaw
Vehumet
Wu Jian
Xom
Yredelemnul
Zin
The Shining One

Shops:
D:3 (*!   D:7 =

Annotations:
D:6 2 transporters, mumross's ghost, novice TrEE
D:7 Joseph


Innate Abilities, Weirdness & Mutations

One of your tentacles has grown a beastly spike.
You cannot wear most types of armour.
You are amphibious.
You can wear up to eight rings at the same time.
Your skin changes colour to match your surroundings (Stealth+).
Your rubbery body absorbs attacks. (AC +1, EV +1)
((You are camouflaged near water. (Stealth+)))
You have tentacles for arms and can constrict up to eight enemies at once.


Message History

Your tentacle spike misses the killer bee.
The killer bee closely misses you. The yak gores you!
You tentacle-slap the killer bee. You grab the killer bee.
The killer bee is lightly wounded.
You constrict the killer bee, but do no damage.
The killer bee barely misses you. The killer bee stings you.
You are poisoned.
The killer bee poisons you! The yak gores you.
You feel very mighty all of a sudden.
You constrict the killer bee.
You feel sick. The killer bee closely misses you.
The killer bee stings you but does no damage.
The yak misses you.
You barely miss the yak. You constrict the killer bee.
You feel sick. The killer bee misses you. The killer bee barely misses you.
The yak misses you.
You tentacle-slap the yak.
The yak is lightly wounded.
You constrict the killer bee.
You feel sick. The killer bee stings you.
* * * LOW HITPOINT WARNING * * *
You are more poisoned.
The killer bee poisons you!
You are confused.
You feel invigorated.
You constrict the killer bee.
You feel very sick. The killer bee misses you. The yak gores you!
* * * LOW HITPOINT WARNING * * *
The killer bee stings you.
* * * LOW HITPOINT WARNING * * *
You release your grip on the killer bee.
You feel very sick. The killer bee closely misses you.
The yak gores you but does no damage. The killer bee barely misses you.
You feel sick. The killer bee barely misses you. The killer bee stings you.
* * * LOW HITPOINT WARNING * * *
You are more poisoned.
The killer bee poisons you!
You bump into the rock wall.
You feel very sick. The killer bee barely misses you. The yak gores you!
You die...

#.# #.# #.#
# #.#####.#
.......
##....
#...# .
#y..# ##...
#@Y.#......
#)†)..#
#.#.#.#
#.#.#.#
..... .
##.#... .
#.###.#.#
#.# .# #.#
.#


You could see a yak and a killer bee.

Vanquished Creatures
  A yak (D:8)
  2 steam dragons
  A black bear (D:5)
  An ice beast (D:6)
  2 sky beasts
  A hornet zombie (D:7)
  3 ogres
  A centaur (D:8)
  2 phantoms
  2 kobold brigands
  2 bullfrogs
  2 scorpions (D:5)
  A water moccasin zombie (D:5)
  A water moccasin skeleton (D:5)
  A wyvern skeleton (D:7)
  6 killer bees
  An electric eel (D:7)
  A howler monkey (D:5)
  2 hounds (D:5)
  2 centaur skeletons
  3 jellies
  5 orc priests
  2 bullfrog skeletons
  Ijyb (D:3)
  Jessica (D:3)
  Crazy Yiuf (D:7)
  7 iguanas
  5 orc wizards
  A hound zombie (D:5)
  A hound skeleton (D:4)
  9 adders
  A river rat (Sewer)
  A white imp (D:7)
  2 worms
  4 dart slugs
  21 orcs
  9 endoplasms
  4 giant cockroaches
  13 goblins
  6 hobgoblins
  6 jackals
  A quokka (D:1)
  9 ball pythons
  8 bats
  3 frilled lizards
  12 kobolds
  8 rats
179 creatures vanquished.

Vanquished Creatures (others)
  A giant cockroach (D:4)
  2 plants (D:3)
3 creatures vanquished.

Grand Total: 182 creatures vanquished

Notes
Turn   | Place    | Note
-------+----------+-------------------------------------------
     0 | D:1      | ZARRMARR the Octopode Transmuter began the quest for the
                  | Orb.
     0 | D:1      | Reached XP level 1. HP: 13/13 MP: 3/3
   149 | D:1      | Found a faded altar of an unknown god.
   215 | D:1      | Reached skill level 1 in Stealth
   215 | D:1      | Reached XP level 2. HP: 14/18 MP: 3/5
   888 | D:1      | Reached XP level 3. HP: 22/23 MP: 4/6
  1560 | D:2      | Reached skill level 2 in Stealth
  1854 | D:2      | Reached XP level 4. HP: 29/29 MP: 5/7
  2945 | D:3      | Noticed Ijyb
  3063 | D:3      | Found Orotiy's Antique Weapon Shoppe.
  3079 | D:3      | Noticed Jessica
  3093 | D:3      | Killed Jessica
  3094 | D:3      | Reached XP level 5. HP: 26/34 MP: 4/8
  3459 | D:3      | Found Jouhioh's Distillery.
  3465 | D:3      | Bought 2 potions of lignification for 78 gold pieces
  3554 | D:3      | Found a blossoming altar of Fedhas.
  3641 | D:3      | Killed Ijyb
  3805 | D:3      | Found Zuuf Uji's General Store.
  4379 | D:4      | Reached skill level 3 in Stealth
  4445 | D:4      | Reached XP level 6. HP: 29/41 MP: 7/9
  4612 | D:5      | Entered Level 5 of the Dungeon
  4612 | D:5      | Noticed a black bear
  4620 | D:5      | Reached skill level 4 in Stealth
  4624 | D:5      | Killed a black bear
  4625 | D:5      | Reached XP level 7. HP: 46/46 MP: 10/10
  4652 | D:5      | Found a glowing drain.
  4664 | Sewer    | Entered a sewer
  4863 | Sewer    | Found a white marble altar of Elyvilon.
  4939 | D:4      | Reached skill level 5 in Stealth
  5138 | D:3      | Bought a potion of might for 52 gold pieces
  5258 | D:3      | Bought a scroll of teleportation for 30 gold pieces
  5430 | D:5      | Found a bloodstained altar of Trog.
  5475 | D:5      | Reached skill level 5 in Unarmed Combat
  5499 | D:5      | Reached XP level 8. HP: 19/54 MP: 12/12
  5633 | D:5      | Reached skill level 6 in Stealth
  5743 | D:5      | Found a staircase to the Ecumenical Temple.
  5752 | D:5      | Reached skill level 5 in Dodging
  5799 | Temple   | Entered the Ecumenical Temple
  5997 | Temple   | Became a worshipper of Ashenzari the Shackled
  6447 | D:6      | Noticed mumross's ghost (novice TrEE)
  6451 | D:6      | Reached skill level 5 in Fighting
  6451 | D:6      | Reached skill level 7 in Stealth
  6547 | D:6      | Noticed a toenail golem
  6574 | D:6      | Reached XP level 9. HP: 56/61 MP: 13/13
  6647 | D:6      | Noticed a rakshasa
  6929 | D:6      | Found a transporter.
  6931 | D:6      | Found a transporter.
  7104 | D:7      | Noticed Joseph
  7302 | D:7      | Reached skill level 1 in Throwing
  7350 | D:7      | Reached skill level 8 in Stealth
  7476 | D:7      | Found Fatotua's Jewellery Emporium.
  7665 | D:7      | Reached * piety under Ashenzari
  7959 | D:7      | Found a runed translucent door.
  7960 | D:7      | Noticed Crazy Yiuf
  8106 | D:7      | Killed Crazy Yiuf
  8305 | D:6      | Found a transporter.
  8459 | D:6      | Found a transporter.
  8985 | D:3      | Bought a potion of berserk rage for 65 gold pieces
  8985 | D:3      | Bought a potion of brilliance for 52 gold pieces
  8985 | D:3      | Bought a potion of attraction for 39 gold pieces
  8985 | D:3      | Bought a potion of attraction for 39 gold pieces
  9405 | D:8      | Reached XP level 10. HP: 60/72 MP: 18/18
  9433 | D:9      | Slain by a yak

Illustrated notes

Levels and vault maps discovered:
D:1:      matt_arrival_los_fun, layout_basic, chequers_ecumenical_altar_simple
D:2:      layout_basic, grunt_ministairs_10
D:3:      layout_basic, fedhas_ov_isle_minmay, serial_shops, shop, shop, shop,
          st_stairs_14, chequers_avenue, uniq_jessica, uniq_ijyb
D:4:      layout_rooms
D:5:      layout_rooms, mainiacjoe_overflow_six_doors_small,
          minmay_temple_entry_waves, portal_sewer_entry_d
D:6:      layout_cave_pools, gammafunk_ghost_abyssal_escape
D:7:      layout_gridville, serial_shops, kennysheep_mini, nrook_pool_corridor,
          uniq_joseph, uniq_crazy_yiuf_cottage
D:8:      layout_cave_pools, serial_shops, shop,
          gammafunk_ghost_berserking_beasts
D:9:      layout_loops_ring, david_orc_5, uniq_harold
Temple:   eino_temple_rhombus

Skill      XL: |  1  2  3  4  5  6  7  8  9 |
---------------+----------------------------+-----
Stealth        | 1 2 3 4 5 7 8 |  8.8
Fighting       | 2 3 4 5 6 |  6.3
Dodging        | 3 4 5 6 |  6.7
Unarmed Combat | 4 5 6 7 |  7.0
Throwing       | 2 |  2.6
Spellcasting   | 3 |  3.9
Transmutations | |  2.7

Action                   |  1- 3 |  4- 6 |  7- 9 | 10-12 || total
-------------------------+-------+-------+-------+-------++-------
Melee: Unarmed           |    81 |   141 |   318 |     7 ||   547
       Kick              |    25 |    37 |    89 |       ||   151
       Constrict         |    23 |    33 |    58 |     1 ||   115
       Tentacles         |    15 |    29 |    63 |       ||   107
       Punch             |     1 |     4 |    12 |       ||    17
Throw: Dart              |       |       |     1 |       ||     1
       Javelin           |       |       |    15 |       ||    15
 Cast: Beastly Appendage |    33 |    40 |    57 |     1 ||   131
Invok: Curse Item        |       |       |     3 |       ||     3
Evoke: Wand              |       |       |     9 |       ||     9
  Use: Scroll            |       |     4 |     3 |       ||     7
       Potion            |       |     1 |     7 |     2 ||    10
 Stab: Sleeping          |     3 |     6 |    12 |       ||    21
Armor: Skin              |     6 |    35 |    57 |     4 ||   102
Dodge: Dodged            |    34 |    71 |   156 |    21 ||   282
